 Dungeon Crawl Stone Soup version 0.28-a0-429-g1448048969 (webtiles) character file.

Game seed: 6744903384449119695

100 olmar the Insei (level 5, 0/37 HPs)
             Began as a Djinni Transmuter on Sept 11, 2021.
             Killed from afar by Sigmund (9 damage)
             ... with a magic dart
             ... on level 2 of the Dungeon.
             The game lasted 00:07:21 (3863 turns).

olmar the Insei (Djinni Transmuter)                 Turns: 3863, Time: 00:07:22

Health: 0/37       AC:  2    Str:  9    XL:     5   Next: 3%
Gold:   88         EV: 13    Int: 15    God:
                   SH:  0    Dex: 14

rFire   + + .      SeeInvis .     - Unarmed
rCold   x . .      Faith    .   (no shield)
rNeg    . . .      Spirit   .   a - +0 robe
rPois   ∞          Reflect  .   (no helmet)
rElec   .          Harm     .   (no cloak)
rCorr   .          Rampage  .   (no gloves)
Will    +....                   (boots unavailable)
Stlth   +.........              (no amulet)
HPRegen 0.12/turn               e - ring of willpower
MPRegen 0.00/turn               (no ring)

@: flying
A: sickness immunity, fire resistance 2, cold vulnerability 1, float, innate
caster, hp casting, extra vitality 1
a: no special abilities


You were on level 2 of the Dungeon.
You visited 1 branch of the dungeon, and saw 3 of its levels.

You collected 88 gold pieces.

Inventory:

Armour
 a - a +0 robe (worn)
 i - a +2 leather armour of cold resistance
Jewellery
 e - a ring of willpower (left hand)
Scrolls
 b - a scroll of blinking {unknown}
 d - 2 scrolls of vulnerability {unknown}
 f - a scroll of immolation
 g - 2 scrolls of teleportation {unknown}
Potions
 h - a potion of degeneration
 j - a potion of mutation


   Skills:
 + Level 1.2 Fighting
 + Level 2.9 Dodging
 + Level 4.4 Unarmed Combat
 + Level 2.2 Spellcasting


You couldn't memorise any spells.
You knew the following spells:

 Your Spells              Type           Power      Damage    Failure   Level
a - Beastly Appendage     Tmut           16%        N/A       9%          1
b - Wereblood             Tmut           8%         N/A       13%         2
c - Spider Form           Tmut/Pois      4%         N/A       26%         3
d - Ice Form              Ice/Tmut       8%         N/A       65%         4
e - Summon Small Mammal   Summ           32%        N/A       9%          1
f - Poisonous Vapours     Pois/Air       16%        N/A       13%         2
Your spell library was empty.

Dungeon Overview and Level Annotations

Branches:
Dungeon (3/15)

Altars:

Annotations:
D:2 Sigmund


Innate Abilities, Weirdness & Mutations

You are immune to sickness and miasma.
You are immune to poison.
Your flesh is very heat resistant. (rF++)
You are vulnerable to cold. (rC-)
You float through the air rather than walking.
You learn spells naturally, not from books.
Your magical power is your life essence.
You have superior vitality. (+4 HP)


Message History

Okay, then.
Casting: Beastly Appendage (safe; 9% risk of failure)
Press: ? - help, Q - select action, (/) - cycle Dir - look around, f - activate
Okay, then.
Casting: Beastly Appendage (safe; 9% risk of failure)
Confirm with . or Enter, or press ? or * to list all spells.
Okay, then.
Casting: Beastly Appendage (safe; 9% risk of failure)
Confirm with . or Enter, or press ? or * to list all spells.
You can't see any susceptible monsters within range! (Use Z to cast anyway.)
Casting: Beastly Appendage (safe; 9% risk of failure)
Confirm with . or Enter, or press ? or * to list all spells.
Okay, then.
You aren't carrying any items that you can evoke.
You reach down and open the door.
A puff of flame appears from out of thin air!
The puff of flame hits you. You resist.
There is an open door here.
You reach down and close the door.
Something unseen opens the door.
A magic dart appears from out of thin air!
The magic dart hits you!
* * * LOW HITPOINT WARNING * * *
Unknown command.
Okay, then.
Casting: Beastly Appendage (safe; 9% risk of failure)
Confirm with . or Enter, or press ? or * to list all spells.
Okay, then.
Casting: Beastly Appendage (safe; 9% risk of failure)
Confirm with . or Enter, or press ? or * to list all spells.
Aiming: Poisonous Vapours (safe; 13% risk of failure)
Press: ? - help, Dir - move target, f/p - Sigmund
Aim: Sigmund, wielding a +0 scythe and wearing a +0 robe (heavily wounded) Poisonous vapours surround Sigmund!
Sigmund is poisoned.
* * * LOW HITPOINT WARNING * * *
Unknown command.
Unknown command.
Sigmund casts a spell at you. The magic dart hits you!
You die...

.##...# #.# #######.###
.###..##### ##.## ##.## #.#
.>........#####...####.#.## #.#
..##..###......<...##.###.###.#
......# #.........##.## ##....#
#.###.###.............###.#####
#.# #............#####.#.## #.#
#####........# ##.##
#.#######.......@# ###
#................#
################.# #.# #.#
#############.######
.........#.........#
.#######.#.##@#.##.##########
#####.#.#....##.#........##


You could see Sigmund (poisoned).

Vanquished Creatures
  Natasha (D:2)
  5 adders
  A worm (D:2)
  A dart slug (D:3)
  2 ball pythons
  6 bats
  2 endoplasms (D:2)
  A giant cockroach (D:1)
  2 goblins
  3 hobgoblins
  A quokka (D:1)
  3 frilled lizards
  2 kobolds
  2 rats
32 creatures vanquished.

Vanquished Creatures (collateral kills)
  A kobold (D:2)
1 creature vanquished.

Grand Total: 33 creatures vanquished

Notes
Turn   | Place    | Note
-------+----------+-------------------------------------------
     0 | D:1      | olmar the Djinni Transmuter began the quest for the Orb.
     0 | D:1      | Reached XP level 1. HP: 17/17 MP: 0/0
    24 | D:1      | You are sucked into a shaft and drop 1 floor!
    43 | D:2      | Reached XP level 2. HP: 15/22 MP: 0/0
   417 | D:2      | Reached XP level 3. HP: 9/27 MP: 0/0
   417 | D:2      | Learned a level 1 spell: Summon Small Mammal
   705 | D:2      | Found a faded altar of an unknown god.
  1610 | D:2      | Reached skill level 4 in Unarmed Combat
  2118 | D:1      | Reached XP level 4. HP: 19/32 MP: 0/0
  3186 | D:2      | Noticed Natasha
  3198 | D:2      | Killed Natasha
  3554 | D:2      | Reached XP level 5. HP: 9/37 MP: 0/0
  3554 | D:2      | Learned a level 2 spell: Poisonous Vapours
  3802 | D:2      | Noticed Sigmund
  3863 | D:2      | Killed from afar by Sigmund

Illustrated notes

Levels and vault maps discovered:
D:1:      eino_arrival_water_cross, layout_basic
D:2:      layout_loops_corners, hellmonk_ecumenical_altar_blasted, uniq_sigmund,
          uniq_natasha
D:3:      layout_basic

Skill      XL: |  1  2  3 |
---------------+----------+-----
Spellcasting   | 2 |  2.2
Unarmed Combat | 4 |  4.4
Fighting       | |  1.2
Dodging        | |  2.9

Action                   |  1- 3 |  4- 6 || total
-------------------------+-------+-------++-------
Melee: Unarmed           |   100 |    58 ||   158
       Headbutt          |     9 |     2 ||    11
       Punch             |     1 |     1 ||     2
 Cast: Beastly Appendage |    15 |     4 ||    19
       Summon Small Mamm |     6 |     2 ||     8
       Poisonous Vapours |       |     4 ||     4
  Use: Scroll            |       |     2 ||     2
 Stab: Sleeping          |     1 |     1 ||     2
Armor: Robe              |    13 |     7 ||    20
Dodge: Dodged            |    64 |    26 ||    90

Table legend: (Time is in decaauts)
 A = Elapsed time spent in this place.
 B = Non-inter-level travel time spent in this place.
 C = Inter-level travel time spent in this place.
 D = Time resting spent in this place.
 E = Time spent auto-exploring this place.
 F = Levels seen in this place.
 G = Mean time per level.
                   A        B        C        D        E       F      G
               +--------+--------+--------+--------+--------+-----+--------+
         Total |   3852 |   3792 |     60 |   1502 |   1816 |   3 | 1284.0 |
       Dungeon |   3852 |   3792 |     60 |   1502 |   1816 |   3 | 1284.0 |
               +--------+--------+--------+--------+--------+-----+--------+

Top non-repeatable levels by time:
     D:2: 1898 daAuts
     D:1: 1068 daAuts
     D:3: 885 daAuts
